 Dungeon Crawl Stone Soup version 0.29.1-15-g9cfb28693d (webtiles) character file.

Game seed: 3272448137277203820

1106 zeram the Covert (level 8, -1/37 HPs)
             Began as a Spriggan Brigand on Mar 18, 2023.
             Slain by a howler monkey (6 damage)
             ... on level 6 of the Dungeon.
             The game lasted 00:08:50 (5827 turns).

zeram the Covert (Spriggan Brigand)                 Turns: 5827, Time: 00:08:50

Health: -1/37      AC: -5    Str: 13    XL:     8   Next: 11%
Magic:  14/14      EV: 19    Int: 14    God:
Gold:   385        SH:  0    Dex: 17    Spells: 7/14 levels left

rFire   . . .      SeeInvis +   a - +3 dagger
rCold   . . .      Faith    .   (no shield)
rNeg    . . .      Spirit   .   b - +0 robe
rPois   .          Reflect  .   (helmet restricted)
rElec   .          Harm     .   c - +0 cloak
rCorr   .          Rampage  .   (gloves unavailable)
Will    +....                   (boots unavailable)
Stlth   +++++.....              f - amulet of magic regeneration
HPRegen 0.12/turn               g - +6 ring of strength
MPRegen 0.54/turn               q - +4 ring of slaying

@: corroded, very quick
A: very small, no large weapons, unfitting armour, see invisible, speed 3
a: no special abilities


You were on level 6 of the Dungeon.
You visited 2 branches of the dungeon, and saw 7 of its levels.

You collected 385 gold pieces.

Inventory:

Hand Weapons
 a - a +3 dagger (weapon)
Missiles
 d - 6 poisoned darts (quivered)
 e - 3 curare-tipped darts
Armour
 b - a +0 robe (worn)
 c - a +0 cloak (worn)
Jewellery
 f - an amulet of magic regeneration (around neck)
 g - a +6 ring of strength (left hand)
 q - a +4 ring of slaying (right hand)
Wands
 s - a wand of roots (4)
Scrolls
 k - 2 scrolls of teleportation
 u - a scroll of amnesia
 w - a scroll of immolation
Potions
 h - a potion of degeneration {unknown}
 i - a potion of lignification
 j - a potion of brilliance {unknown}
 l - 2 potions of magic
 m - 2 potions of haste
 n - a potion of ambrosia {unknown}
 p - 3 potions of mutation
 r - 2 potions of curing {unknown}
 x - a potion of cancellation {unknown}


   Skills:
 - Level 1.5 Fighting
 + Level 5.6 Short Blades
 - Level 2.0 Throwing
 + Level 5.2 Dodging
 + Level 11.4 Stealth
 * Level 3.8 Spellcasting


You had 7 spell levels left.
You knew the following spells:

 Your Spells              Type           Power      Damage    Failure   Level
a - Vampiric Draining     Necr           2%         2d6       52%         3
b - Dispel Undead         Necr           2%         3d7       89%         4

Your spell library contained the following spells:

 Spells                   Type           Power      Damage    Failure   Level
 Slow                     Hex            8%         N/A       21%         1
 Static Discharge         Conj/Air       2%         3-4/arc   30%         2
 Confusing Touch          Hex            2%         N/A       52%         3
 Fulminant Prism          Conj/Hex       1%         3d6       89%         4
 Iskenderun's Mystic Bla  Conj/Tloc      2%         2d3       89%         4
 Sticky Flame             Conj/Fire      2%         2d3       89%         4
 Iskenderun's Battlesphe  Conj           2%         2d6       99%         5
 Lee's Rapid Deconstruct  Erth           1%         3d5*      99%         5
 Iron Shot                Conj/Erth      1%         9d1       100%        6
 Spellforged Servitor     Conj/Summ      1%         N/A       100%        7


Dungeon Overview and Level Annotations

Branches:
Dungeon (6/15)             Temple (1/1) D:4

Altars:
Ashenzari
Elyvilon
Gozag
Hepliaklqana
Kikubaaqudgha
Nemelex Xobeh
Okawaru
Qazlal
Sif Muna
Trog
Uskayaw
Vehumet
Wu Jian
Yredelemnul

Shops:
D:3 !


Innate Abilities, Weirdness & Mutations

You are very small and have problems with some larger weapons.
You are too small for most types of armour.
You have supernaturally acute eyesight. (SInv)
You cover ground extremely quickly. (Speed+++)


Message History

Throw: 7 darts (poison)
Press: ? - help, Q - select action, (/) - cycle Shift-Dir - straight line, f/p - jelly
Aim: a jelly (moderately wounded, 91% to hit)
You throw a poisoned dart. The poisoned dart hits the jelly.
The jelly is moderately wounded.
The jelly hits you but does no damage.
Unknown command.
You hit the jelly. The acid corrodes you!
Your hands burn!
The jelly is heavily wounded.
The howler monkey hoots and howls with incredible vigour!
The jelly completely misses you.
You hear an angry hiss.
You hear a bark!
The howler monkey hoots and howls with incredible vigour!
The jelly jiggles.
There is a stone staircase leading up here.
You climb upwards.
There is a stone staircase leading down here.
You start resting.
You are no longer corroded.
You start resting.
HP restored.
Okay, then.
You climb downwards.
The jelly completely misses you. The jelly barely misses you.
There is a stone staircase leading up here.
You hit the jelly.
Your hands burn!
The jelly is moderately wounded.
You hit the jelly.
Your hands burn!
The jelly is heavily wounded.
The jelly hits you. The acid corrodes you!
You are splashed with acid.
You completely miss the jelly.
The jelly is heavily wounded.
The howler monkey misses you. The jelly completely misses you.
You hit the jelly. The acid corrodes you!
Your hands burn!
Your punch misses the jelly.
The jelly is severely wounded.
The howler monkey hits you. The jelly hits you.
You are splashed with acid!
* * * LOW HITPOINT WARNING * * *
The howler monkey hits you.
You die...

#...#.#######
..h..##...Y....#
..#..#
#..#####†# ....
#..#...#†# #.#.
..#.#.#.#.# . #
..#...#.#.#(# ##
#.#.#.#.#h#
#.#.#.#.#(#
#S#@J.#.#
#.#h###.#
#.....# #######


You could see a howler monkey and a jelly.

Vanquished Creatures
  An ice beast (D:5)
  An ogre (D:3)
  A centaur (D:5)
  A necrophage (D:5)
  2 scorpions (D:5)
  A howler monkey (D:6)
  2 jellies
  4 quasits (D:5)
  A hound (D:5)
  An orc priest (D:4)
  A gnoll bouda (D:6)
  4 iguanas
  3 adders
  9 shadow imps (D:5)
  2 white imps (D:5)
  3 ufetubi (D:5)
  A worm (D:2)
  A dart slug (D:2)
  15 orcs
  8 endoplasms
  8 giant cockroaches
  6 goblins
  3 hobgoblins
  7 jackals (D:1)
  6 quokkas
  11 ball pythons
  7 bats
  7 frilled lizards
  3 kobolds
  9 rats
129 creatures vanquished.

Vanquished Creatures (others)
  A demonic plant (D:5)
1 creature vanquished.

Grand Total: 130 creatures vanquished

Notes
Turn   | Place    | Note
-------+----------+-------------------------------------------
     0 | D:1      | zeram the Spriggan Brigand began the quest for the Orb.
     0 | D:1      | Reached XP level 1. HP: 10/10 MP: 2/2
    51 | D:1      | Reached skill level 6 in Stealth
   164 | D:1      | Reached XP level 2. HP: 14/14 MP: 3/3
   575 | D:1      | Reached skill level 7 in Stealth
   575 | D:1      | Reached XP level 3. HP: 18/18 MP: 4/4
  1118 | D:2      | Found a faded altar of an unknown god.
  1321 | D:3      | Found Xeodyt's Distillery.
  1363 | D:3      | Reached XP level 4. HP: 22/22 MP: 5/5
  1368 | D:3      | Noticed an ogre
  1395 | D:3      | Killed an ogre
  1396 | D:3      | Reached skill level 9 in Stealth
  1396 | D:3      | Reached XP level 5. HP: 25/25 MP: 6/6
  2282 | D:4      | Found a staircase to the Ecumenical Temple.
  2320 | Temple   | Entered the Ecumenical Temple
  2320 | Temple   | Found a transporter.
  2320 | Temple   | Found a transporter.
  2324 | Temple   | Found a transporter.
  2324 | Temple   | Found a transporter.
  2679 | D:4      | Reached skill level 1 in Spellcasting
  2679 | D:4      | Reached XP level 6. HP: 30/30 MP: 8/8
  2970 | D:5      | Entered Level 5 of the Dungeon
  3192 | D:5      | Reached skill level 10 in Stealth
  3437 | D:5      | Reached XP level 7. HP: 20/33 MP: 11/11
  4319 | D:5      | Found an opulent altar of Gozag.
  4448 | D:5      | Reached skill level 11 in Stealth
  4679 | D:5      | Reached skill level 5 in Short Blades
  5155 | D:5      | Learned a level 3 spell: Vampiric Draining
  5160 | D:5      | Learned a level 4 spell: Dispel Undead
  5592 | D:5      | Reached skill level 5 in Dodging
  5592 | D:5      | Reached XP level 8. HP: 34/37 MP: 14/14
  5827 | D:6      | Slain by a howler monkey

Illustrated notes

Levels and vault maps discovered:
D:1:      nzn_arrival_depleted_hourglass, layout_basic, minmay_worlds_worst_comb
D:2:      layout_rooms, ebering_ecumenical_altar_petrified
D:3:      kennysheep_big_flooded_room, layout_basic, serial_shops, shop_coins,
          minmay_surrounded
D:4:      layout_cave_pools, minmay_temple_entry_grid
D:5:      layout_basic, lemuel_crystal_altar, serial_demonic, serial_demonic_b,
          serial_demonic_d, serial_demonic_e, serial_demonic_a,
          serial_demonic_c, serial_demonic_b, serial_demonic_f,
          serial_demonic_c, serial_demonic_f, serial_demonic_f,
          serial_bayou_pond_c
D:6:      layout_basic, makhleb_altar_promises_db, serial_aquarium,
          aquarium_bridge_straight [aquarium_subvault_bridge,
          aquarium_subvault_wall, aquarium_subvault_bridge,
          aquarium_subvault_balcony], aquarium_window_corridor_1,
          aquarium_window_fake, aquarium_window_1, aquarium_view_2d,
          aquarium_view_2a, hangedman_abyss_or_decor_passed,
          minmay_fractal_squares_diagonal_5, uniq_prince_ribbit1
Temple:   hellmonk_temple_divided_pantheon

Skill      XL: |  1  2  3  4  5  6  7 |
---------------+----------------------+-----
Stealth        | 6 7 9 10 11 | 11.4
Dodging        | 2 3 5 |  5.2
Short Blades   | 3 4 5 |  5.6
Spellcasting   | 1 2 3 |  3.8
Fighting       | |  1.5
Throwing       | |  2.0

Action                   |  1- 3 |  4- 6 |  7- 9 || total
-------------------------+-------+-------+-------++-------
Melee: Dagger            |   106 |   128 |   159 ||   393
       Punch             |       |     3 |     2 ||     5
Throw: Dart              |       |     5 |    10 ||    15
  Use: Scroll            |     3 |     4 |     5 ||    12
 Stab: Sleeping          |    26 |    19 |     6 ||    51
Armor: Robe              |    18 |    16 |    30 ||    64
Dodge: Dodged            |    69 |   107 |   141 ||   317
